 Dungeon Crawl Stone Soup version 0.31-a0-1204-ge2c1a860ed (webtiles) character file.

Game seed: 16059751408792332395

64 hikkokomori the Digger (level 4, -1/25 HPs)
             Began as a Gargoyle Earth Elementalist on Dec 12, 2023.
             Slain by Robin
             ... wielding a +0 falchion
              (4 damage)
             ... on level 2 of the Dungeon.
             The game lasted 00:02:12 (981 turns).

hikkokomori the Digger (Gargoyle Earth Elementalist) Turns: 981, Time: 00:02:13

Health: -1/25      AC:  5    Str: 11    XL:     4   Next: 12%
Magic:  1/7        EV: 12    Int: 18    God:
Gold:   11         SH:  0    Dex: 10    Spells: 7/8 levels left

rFire   . . .        (no weapon)
rCold   . . .        (no shield)
rNeg    + . .        a - +0 robe
rPois   ∞            (no helmet)
rElec   +            (no cloak)
rCorr   .            (no gloves)
SInv    .            (no boots)
Will    .....        (no amulet)
Stlth   ++           (no ring)
HPRegen 0.24/turn    (no ring)
MPRegen 0.10/turn

%: no passive effects
@: mighty
A: sickness immunity, AC +3, negative energy resistance 1, electricity
resistance, torment resistance 1, petrification resistance
a: no special abilities


You were on level 2 of the Dungeon.
You visited 1 branch of the dungeon, and saw 2 of its levels.

You collected 11 gold pieces.

Inventory:

Armour
 a - a +0 robe (worn)
Jewellery
 f - an amulet of regeneration
Potions
 c - a potion of might


   Skills:
 + Level 1.4 Fighting
 - Level 1.7 Dodging
 + Level 3.1 Stealth
 + Level 2.6 Spellcasting
 - Level 1.0 Transmutations
 + Level 4.2 Earth Magic


You had 7 spell levels left.
You knew the following spells:

 Your Spells              Type           Power      Damage    Failure   Level
a - Sandblast             Erth           34%        2d9       3%          1

Your spell library contained the following spells:

 Spells                   Type           Power      Damage    Failure   Level
 Passwall                 Tmut/Erth      9%         N/A       9%          2
 Stone Arrow              Conj/Erth      18%        3d8       22%         3
 Inner Flame              Hex/Fire       2%         N/A       45%         3
 Petrify                  Tmut/Erth      11%        N/A       50%         4
 Brom's Barrelling Bould  Conj/Erth      9%         2d3       56%         4
 Dispel Undead            Necr           2%         3d7       86%         4
 Flame Wave               Conj/Fire      2%         2d4       86%         4
 Sticky Flame             Conj/Fire      2%         2d3       86%         4
 Death Channel            Necr           1%         N/A       100%        6
 Cigotuvi's Dreadful Rot  Necr/Pois/Air  Unusable   N/A       N/A         2

Dungeon Overview and Level Annotations

Branches:
Dungeon (2/15)

Altars:

Annotations:
D:2 Robin


Innate Abilities, Weirdness & Mutations

You are immune to sickness and miasma.
Your stone body is resilient. (AC +3)
You are immune to poison.
You resist negative energy. (rN+)
You are resistant to electric shocks. (rElec)
You are resistant to unholy torment.
You are immune to petrification.


Message History

Press: ? - help, Shift-Dir - straight line, f - giant cockroach
Aim: a giant cockroach (82% to hit)
The blast of sand hits the giant cockroach.
You kill the giant cockroach!
The kobold throws a stone.
The stone closely misses you.
Unknown command.
Unknown command.
You hit the kobold but do no damage. The kobold hits you with a +0 whip.
* * * LOW HITPOINT WARNING * * *
A goblin comes into view. It is wielding a +0 dagger.
Unknown command.
The goblin shouts!
You hear a shout!
As you read the scroll labelled LANABO BAIDGHAA, it crumbles to dust.
It is a scroll of identify.
c - 2 potions of might The kobold barely misses you.
The goblin barely misses you.
Unknown command.
You feel very mighty all of a sudden. The kobold hits you but does no damage.
Robin throws the goblin at you!
A hobgoblin comes into view.
Unknown command.
You hit Robin.
Robin is moderately wounded.
The goblin barely misses you. The kobold hits you but does no damage.
Robin roars a battlecry!
The goblins go into a battle-frenzy!
Unknown command.
Casting: Sandblast (safe; 3% risk of failure)
Confirm with . or Enter, or press ? or * to list all spells.
Aiming: Sandblast (safe; 3% risk of failure)
Press: ? - help, Shift-Dir - straight line, f - goblin
Aim: a goblin, wielding a +0 dagger (strong, 77% to hit)
Okay, then.
You punch Robin!
Robin is severely wounded.
The kobold hits you with a +0 whip.
* * * LOW HITPOINT WARNING * * *
Robin hits you with a +0 falchion.
You die...
Robin lets out a smug laugh.

.g..S.. #.....#
#K?...# # #g#)#.#
#.###.#.#.#
#.#.g.....##
#..g.S.g...#
#)#g....#gg#
#.#####@g#
####.#.#####K.#
.........)g†gg.#
.#####..######.#
#..# #.#######
#..######........
#............^.##
#.#######.####.#
#. #.# #.#


You could see Robin, 2 hobgoblins, 2 goblins and a kobold.

Vanquished Creatures
  An adder (D:2)
  A gnoll (D:1)
  2 dart slugs
  3 endoplasms
  A giant cockroach (D:2)
  8 goblins
  4 hobgoblins
  2 jackals (D:1)
  A kobold (D:1)
  2 quokkas (D:1)
  5 ball pythons
  A bat (D:2)
  3 frilled lizards (D:1)
  2 rats (D:1)
36 creatures vanquished.

Notes
Turn   | Place    | Note
-------+----------+-------------------------------------------
     0 | D:1      | hikkokomori the Gargoyle Earth Elementalist began the quest
                  | for the Orb.
     0 | D:1      | Reached XP level 1. HP: 10/10 MP: 3/3
   109 | D:1      | Reached skill level 1 in Transmutations
   109 | D:1      | Reached XP level 2. HP: 15/15 MP: 1/5
   402 | D:1      | Reached skill level 4 in Earth Magic
   402 | D:1      | Reached XP level 3. HP: 5/20 MP: 0/6
   476 | D:1      | Found a faded altar of an unknown god.
   657 | D:1      | Found Taps's Distillery.
   663 | D:1      | Reached skill level 1 in Fighting
   945 | D:2      | Noticed Robin
   973 | D:2      | Reached XP level 4. HP: 6/25 MP: 1/7
   981 | D:2      | Slain by Robin

Illustrated notes

Levels and vault maps discovered:
D:1:      onia_arrival_handbag, layout_loops_ring,
          hellmonk_ecumenical_altar_arch_garden, serial_shops, shop
D:2:      layout_loops_ring, serial_shops, nicolae_shop_tiny_glass, uniq_robin,
          uniq_sigmund

Skill      XL: |  1  2  3 |
---------------+----------+-----
Transmutations | 1 |  1.0
Earth Magic    | 4 |  4.2
Fighting       | 1 |  1.4
Stealth        | 3 |  3.1
Dodging        | |  1.7
Spellcasting   | |  2.6

Action                     |  1- 3 |  4- 6 || total
---------------------------+-------+-------++-------
  Melee: Unarmed           |     7 |     3 ||    10
   Cast: Sandblast         |    45 |     1 ||    46
    Use: Scroll            |     1 |     1 ||     2
         Potion            |     1 |     1 ||     2
 Armour: Robe              |    22 |     6 ||    28
  Dodge: Dodged            |    27 |     4 ||    31

Table legend: (Time is in decaauts)
 A = Elapsed time spent in this place.
 B = Non-inter-level travel time spent in this place.
 C = Inter-level travel time spent in this place.
 D = Time resting spent in this place.
 E = Time spent auto-exploring this place.
 F = Levels seen in this place.
 G = Mean time per level.
                   A        B        C        D        E       F      G
               +--------+--------+--------+--------+--------+-----+--------+
         Total |   1003 |    988 |     15 |      0 |    795 |   2 |  501.5 |
       Dungeon |   1003 |    988 |     15 |      0 |    795 |   2 |  501.5 |
               +--------+--------+--------+--------+--------+-----+--------+

Top non-repeatable levels by time:
     D:1: 914 daAuts
     D:2: 89 daAuts
